VIII, chaotic female elven Wizard .--- ...[...| .>..--)- ....|-..---- -.--....%.. -..^--- .-- VIII the Conjurer Experience level: 5 Strength: 9 Dexterity: 15 Constitution: 14 Intelligence: 20 Wisdom: 9 Charisma: 8 Health: 0(23) Energy: 22(44) Def: 1 Gold: 182 Moves: 1236 Dungeon seed: ws0XXAQe7iaf7cRA Game ID: VIII_1530314931 Your Inventory: Coins $ - 182 gold pieces Weapons a - a blessed +1 quarterstaff (weapon in hands) Armor e - an uncursed +0 cloak of magic resistance (being worn) Comestibles F - an uncursed egg L - 2 uncursed tripe rations Scrolls i - an uncursed scroll of genocide j - 2 uncursed scrolls of magic mapping k - an uncursed scroll of gold detection q - an uncursed scroll of enchant weapon s - an uncursed scroll of enchant armor D - an uncursed scroll of identify E - an uncursed scroll of confuse monster H - an uncursed scroll of blank paper Spellbooks l - a blessed spellbook of force bolt Potions f - an uncursed potion of sickness g - 2 uncursed potions of speed h - an uncursed potion of blindness u - an uncursed potion of sleeping G - an uncursed potion of invisibility I - an uncursed potion of oil K - a blessed potion of gain ability O - a potion of unholy water Rings c - an uncursed ring of teleportation d - an uncursed ring of free action Wands b - a wand of fire (0:7) Tools n - a magic marker (0:55) o - an uncursed tooled horn p - a +0 pick-axe M - an uncursed oil lamp (0:1250) Q - an uncursed sack Gems y - an uncursed worthless piece of red glass Spells and supernatural/magical abilities: Name Level Category Fail Memory a - force bolt 1 attack 0% 94% H - haste self 3 escape 71% 94% W - pray for help -- divine ? -- Your skills at the end: Fighting Skills Weapon Skills quarterstaff [Basic] Spellcasting Skills attack spells [Basic] enchantment spells [Basic] Final Attributes: You were piously aligned. You were sleep resistant. You were magic-protected. You had infravision. You were lucky. You are dead. Vanquished creatures: a small mimic 2 gnome lords 2 gnomish wizards 3 dwarves a hobbit 8 gnomes 2 geckos 2 jackals a fox a goblin a sewer rat a lichen a kobold zombie a newt 27 creatures vanquished. Voluntary challenges: You used a wielded weapon 35 times, starting on turn 117. You read items or engraved 8 times, starting on turn 869. You never genocided any monsters. You never polymorphed an object. You never changed form. You used no wishes. You never split a pudding. You wrote Elbereth's name 6 times, starting on turn 869. You never violated your personal moral code. Dungeon overview: The Dungeons of Doom: levels 1 to 5 Level 1 some fountains a long staircase Level 2 a general store, a fountain Level 3 Level 4 a fountain stairs to The Gnomish Mines Level 5 The Gnomish Mines: levels 5 to 8 Level 5 stairs to The Dungeons of Doom Level 6 Level 7 <- You were here many shops, a temple to Anhur, some fountains Level 8 History has recorded: On T:1 you entered the Dungeons of Doom to retrieve the Amulet of Yendor! On T:157 you reached level 2 of The Dungeons of Doom. On T:368 you reached level 3 of The Dungeons of Doom. On T:593 you reached level 4 of The Dungeons of Doom. On T:675 you reached level 5 of The Dungeons of Doom. On T:795 you advanced to experience level 2. On T:836 you reached level 1 of The Gnomish Mines. On T:848 you advanced to experience level 3. On T:883 you reached level 2 of The Gnomish Mines. On T:908 you reached level 3 of The Gnomish Mines. On T:928 you reached level 4 of The Gnomish Mines. On T:986 you advanced to experience level 4. On T:1097 you advanced to experience level 5. Score breakdown: Gold: 182 ( 7696 points) Experience: 5 levels (11141 points) Exploration: 8 levels ( 15.09%) (11006 points) Discoveries: 8 items ( 2.90%) ( 5107 points) Valuables value: (no points given unless you survive) Artifact value: 0 ( 0 points) Variety of kills: 14 monsters ( 3.67%) ( 5750 points) Turncount: 1236 turns ( 0 points) Survival: died (score multiplied by 80%) Total score: 32560 Latest messages: The spell hits the gnome lord! You kill the gnome lord! You see here 7 darts. You hear rumbling in the distance. The spell hits the gnome! You kill the gnome! The spell hits the gnome! You kill the gnome! The spell hits the dwarf! You kill the dwarf! As you read the scroll, it disappears. You are being punished for your misbehavior! (2x) There's a gaping hole under you! The iron ball falls on your head. You die... The sack is empty. Final status: Goodbye VIII the Wizard, crunched in the head by an iron ball... You died in The Gnomish Mines on dungeon level 7 with 32560 points, and 182 pieces of gold, after 1236 moves. You were level 5 with a maximum of 23 hit points when you died.